 Dungeon Crawl Stone Soup version 0.21.1-1-g345015f (webtiles) character file.

143 prawnwizard the Digger (level 5, 0/29 HPs)
             Began as a Gargoyle Earth Elementalist on July 2, 2018.
             Slain by an orc
             ... wielding a +0 flail
              (9 damage)
             ... on level 3 of the Dungeon.
             The game lasted 00:08:26 (2794 turns).

prawnwizard the Digger (GrEE)                       Turns: 2794, Time: 00:08:27

Health: 0/29       AC:  7    Str: 12    XL:     5   Next: 25%
Magic:  0/9        EV: 12    Int: 16    God:
Gold:   107        SH:  0    Dex: 10    Spells: 6/9 levels left

rFire    . . .     SeeInvis .   h - +0 short sword
rCold    . . .     Gourm    .   (no shield)
rNeg     + + .     Faith    .   o - +0 animal skin
rPois    ∞         Spirit   .   (no helmet)
rElec    +         Reflect  .   x - +0 cloak (curse)
rCorr    .         Harm     .   (no gloves)
MR       .....                  (no boots)
Stlth    ++........             (no amulet)
HPRegen  0.09/turn              i - ring of positive energy
MPRegen  0.11/turn              (no ring)

@: no status effects
A: negative energy resistance 1, electricity resistance, unbreathing,
petrification resistance, rot immunity, AC +4
a: no special abilities


You were on level 3 of the Dungeon.
You were not hungry.

You visited 1 branch of the dungeon, and saw 3 of its levels.

You collected 107 gold pieces.

Inventory:

Hand Weapons
 h - a +0 short sword (weapon)
Missiles
 b - 164 stones (quivered)
Armour
 c - a +0 robe
 o - a +0 animal skin (worn)
 x - a cursed +0 cloak (worn)
Jewellery
 i - a ring of positive energy (left hand)
Wands
 w - a wand of acid (8)
Scrolls
 a - 3 scrolls of enchant weapon {unknown}
 f - a scroll of random uselessness {unknown}
 g - 8 scrolls of identify {unknown}
 j - a scroll of noise {unknown}
 m - a scroll of teleportation {unknown}
 n - a scroll of blinking {unknown}
 p - a scroll of fear {unknown}
 q - a scroll of remove curse {unknown}
 s - 2 scrolls of amnesia {unknown}
 t - a scroll of enchant armour {unknown}
 v - a scroll of fog {unknown}
Potions
 k - a potion of degeneration {unknown}
 l - a potion of curing {unknown}
 r - a potion of resistance {unknown}
Books
 e - a book of Geomancy

   Spells                             Type                      Level
   a - Sandblast                      Earth                        1
   b - Passwall                       Transmutation/Earth          2
   c - Stone Arrow                    Conjuration/Earth            3
   d - Petrify                        Transmutation/Earth          4
   e - Lee's Rapid Deconstruction     Earth                        5
Comestibles
 d - 2 rations
 u - 2 chunks of flesh


   Skills:
 + Level 1.0 Fighting
 - Level 2.2 Dodging
 - Level 2.1 Stealth
 + Level 2.9 Spellcasting
 - Level 0.7 Transmutations
 * Level 5.5 Earth Magic


You had 6 spell levels left.
You knew the following spells:

 Your Spells              Type           Power        Failure   Level  Hunger
a - Sandblast             Erth           ###...       1%          1    #......
b - Passwall              Tmut/Erth      ##........   8%          2    ##.....


Dungeon Overview and Level Annotations

Branches:
Dungeon (3/15)

Altars:
Ashenzari
Trog
Zin


Innate Abilities, Weirdness & Mutations

You are resistant to torment.
Your stone body is resilient. (AC +4)
You are immune to poison.
You resist negative energy. (rN+)
You are resistant to electric shocks. (rElec)
You can survive without breathing.
You are immune to petrification.
You are immune to rotting.


Message History

The orc priest is heavily wounded.
b - 165 stones
Casting: Sandblast
Confirm with . or Enter, or press ? or * to list all spells.
Aiming: Sandblast
Press: ? - help, Shift-Dir - straight line, f/p - orc priest
Aim: an orc priest, wielding a club (heavily wounded)
The blast of sand hits the orc priest.
You kill the orc priest!
Your Fighting skill increases to level 1!
b - 164 stones
Casting: Sandblast
Confirm with . or Enter, or press ? or * to list all spells.
You don't have enough magic to cast that spell.
Unknown command.
You barely miss the orc. The orc hits you with a flail.
You hit the orc.
The orc is heavily wounded.
The orc hits you with a flail!
You die...

#....#...####..
##........# #
#..>....### .
#.####...#####.. #
#.# ##.......... #
#.# #.)..####.#.#
##### #.###..#.## #.
.# #....
#.#.).o#...##. .
#.###
#...##@###....#..##.#
#..###.####....# ...#
#..###)##...##.##..#
#.###.......##.....#
## #.#
#...........##.# #[
#.#
#.......##...#.###.
#.#
#.......####.......
###
#.......######.....
#.......#..........


You could see an orc.

Vanquished Creatures
  An orc priest (D:3)
  3 adders
  3 worms
  A dart slug (D:2)
  2 leopard geckos
  3 orcs (D:3)
  10 bats
  4 giant cockroaches
  13 goblins
  7 hobgoblins
  4 jackals (D:2)
  2 quokkas
  A ball python (D:2)
  5 frilled lizards
  5 kobolds
  A quokka skeleton (D:3)
  7 rats
72 creatures vanquished.

Notes
Turn   | Place    | Note
-------+----------+-------------------------------------------
     0 | D:1      | prawnwizard the Gargoyle Earth Elementalist began the quest for the Orb.
     0 | D:1      | Reached XP level 1. HP: 10/10 MP: 3/3
   146 | D:1      | Reached XP level 2. HP: 14/15 MP: 5/5
   161 | D:1      | Reached skill level 4 in Earth Magic
   169 | D:1      | Learned a level 2 spell: Passwall
  1089 | D:1      | Reached XP level 3. HP: 4/19 MP: 2/6
  1748 | D:2      | Reached XP level 4. HP: 24/24 MP: 7/7
  1789 | D:2      | Found a bloodstained altar of Trog.
  1830 | D:2      | Reached skill level 5 in Earth Magic
  2013 | D:2      | Noticed an angel
  2014 | D:2      | Found a glowing silver altar of Zin.
  2592 | D:3      | Found a shattered altar of Ashenzari.
  2790 | D:3      | Reached XP level 5. HP: 13/28 MP: 1/9
  2792 | D:3      | Reached skill level 1 in Fighting
  2794 | D:3      | Slain by an orc

Skill      XL: |  1  2  3  4  5 |
---------------+----------------+-----
Earth Magic    | 4 5 |  5.5
Dodging        | 2 |  2.2
Fighting       | 1 |  1.0
Stealth        | |  2.1
Spellcasting   | |  2.9
Transmutations | |  0.7

Action                   |  1- 3 |  4- 6 || total
-------------------------+-------+-------++-------
Melee: Short sword       |   104 |    83 ||   187
       Unarmed           |    12 |       ||    12
 Cast: Sandblast         |    18 |    33 ||    51
 Stab: Sleeping          |     3 |     1 ||     4
  Eat: Chunk             |     3 |     4 ||     7
Armor: Robe              |    67 |    37 ||   104
       Animal skin       |       |    10 ||    10
Dodge: Dodged            |   126 |    79 ||   205
